 Dungeon Crawl Stone Soup version 0.22-a0-443-g17c3723 (webtiles) character file.

366 Gorglomux the Chopper (level 6, -1/37 HPs)
             Began as a Gargoyle Fighter on June 1, 2018.
             Slain by an ogre
             ... wielding a +0 giant club
              (16 damage)
             ... on level 4 of the Dungeon.
             The game lasted 00:01:25 (2911 turns).

Gorglomux the Chopper (Gargoyle Fighter)            Turns: 2911, Time: 00:01:26

Health: -1/37      AC: 13    Str: 20 (22) XL:     6   Next: 68%
Magic:  15/15      EV:  7    Int:  5 (8)  God:
Gold:   201        SH:  9    Dex:  8 (9)  Spells: 5/5 levels left

rFire    . . .     SeeInvis .   a - +1 war axe
rCold    . . .     Gourm    .   c - +0 shield
rNeg     + . .     Faith    .   b - +0 scale mail
rPois    ∞         Spirit   .   (no helmet)
rElec    +         Reflect  .   (no cloak)
rCorr    .         Harm     .   (no gloves)
MR       .....                  r - +1 pair of boots
Stlth    ..........             (no amulet)
HPRegen  0.12/turn              p - ring of magical power
MPRegen  0.14/turn              (no ring)

@: no status effects
A: negative energy resistance 1, electricity resistance, unbreathing,
petrification resistance, rot immunity, AC +4
a: no special abilities


You were on level 4 of the Dungeon.
You were not hungry.

You visited 1 branch of the dungeon, and saw 4 of its levels.
You also visited: Ossuary.

You collected 201 gold pieces.

Inventory:

Hand Weapons
 a - a +1 war axe (weapon)
Armour
 b - a +0 scale mail (worn)
 c - a +0 shield (worn)
 r - a +1 pair of boots (worn)
Jewellery
 p - a ring of magical power (left hand)
Scrolls
 j - 2 scrolls of random uselessness
 k - a scroll of enchant armour
 m - a scroll of enchant weapon
 o - a scroll of blinking {unknown}
 t - 2 scrolls of remove curse {unknown}
 v - a scroll of magic mapping {unknown}
 R - 5 scrolls of identify
 T - 5 scrolls of teleportation
 X - 3 scrolls of fog {unknown}
Potions
 d - a potion of might
 i - 2 potions of curing {unknown}
 l - a potion of invisibility {unknown}
 s - a potion of degeneration
 u - a potion of haste {unknown}
 w - a potion of berserk rage {unknown}
 V - a potion of brilliance {unknown}
 W - a potion of ambrosia {unknown}
Comestibles
 f - 2 rations
 U - 9 chunks of flesh


   Skills:
 - Level 3.2 Fighting
 + Level 6.3 Axes
 - Level 3.2 Armour
 - Level 3.2 Shields


You had 5 spell levels left.
You didn't know any spells.
Your spell library was empty.

Dungeon Overview and Level Annotations

Branches:
Dungeon (4/15)
 Temple: D:4-7

Altars:


Innate Abilities, Weirdness & Mutations

You are resistant to torment.
Your stone body is resilient. (AC +4)
You are immune to poison.
You resist negative energy. (rN+)
You are resistant to electric shocks. (rElec)
You can survive without breathing.
You are immune to petrification.
You are immune to rotting.


Message History

You closely miss the ogre!
The jackal barks!!!
The ogre barely misses you!
You dice the ogre like an onion!
The ogre is lightly wounded!
A jackal comes into view!
You block the ogre's attack!
The jackal moves out of view!
You dice the ogre like an onion!
The ogre is lightly wounded!
A jackal comes into view!
The jackal moves out of view!
The jackal butts!!!
You dice the ogre like an onion!!!
The butt is heavily wounded!
You hear a bark!!!
The ogre hits you with a giant club!!!!!!
Your butt prevents you from hitting the ogre!
The ogre is heavily wounded!
The ogre hits you with a giant club!!! rip

#..# #
#..#####
#..#...
#..#.##
#.>...##
#......#
###....+
##.###
#@#
#.Oh#
#.#h#
#.#.#
#.. h
#). ..
##. .#
#. .#


You could see an ogre and 3 jackals.

Vanquished Creatures
  A phantom (D:4)
  A hound (D:4)
  2 orc wizards (D:4)
  A worker ant (D:3)
  A mummy (Ossuary)
  Robin (D:3)
  5 adders
  4 gnolls (D:4)
  An ooze (D:2)
  2 worms
  A leopard gecko (D:2)
  4 orcs
  A ball python (D:4)
  5 giant cockroaches
  4 hobgoblins
  4 kobolds
  A quokka (D:2)
  4 bats
  3 frilled lizards
  3 gnoll skeletons (Ossuary)
  14 goblins
  3 kobold skeletons (Ossuary)
  3 orc skeletons (Ossuary)
  3 rats
72 creatures vanquished.

Notes
Turn   | Place    | Note
-------+----------+-------------------------------------------
     0 | D:1      | Gorglomux the Gargoyle Fighter began the quest for the Orb.
     0 | D:1      | Reached XP level 1. HP: 14/14 MP: 1/1
    85 | D:1      | Reached skill level 2 in Axes
   492 | D:2      | Reached XP level 2. HP: 19/19 MP: 2/2
   739 | D:2      | Reached skill level 3 in Axes
   739 | D:2      | Reached XP level 3. HP: 8/23 MP: 3/3
   979 | D:3      | Noticed Robin
   990 | D:3      | Killed Robin
   992 | D:3      | Reached XP level 4. HP: 24/28 MP: 4/4
  1158 | D:3      | Reached skill level 4 in Axes
  1629 | D:3      | Reached XP level 5. HP: 28/32 MP: 5/5
  1750 | D:4      | Noticed a phantom
  1760 | D:4      | Found a sand-covered staircase.
  1811 | D:4      | Killed a phantom
  1811 | D:4      | Reached skill level 5 in Axes
  1903 | Ossuary  | Entered an ossuary
  1903 | Ossuary  | Noticed a wraith
  1903 | Ossuary  | Noticed a wraith
  1903 | Ossuary  | Noticed a wraith
  2034 | Ossuary  | Reached XP level 6. HP: 31/37 MP: 6/6
  2104 | Ossuary  | Noticed a wraith
  2699 | D:4      | Reached skill level 6 in Axes
  2911 | D:4      | Slain by an ogre

Vault maps used:
D:1:      dpeg_arrival_orchard, item_on_display_a
D:3:      grunt_decor_fettered, grunt_decor_clamped, uniq_robin
D:4:      nicolae_ossuary_entry_plus, first_ration, kennysheep_diamond
Ossuary:  ossuary_due_mausoleum

Skill      XL: |  1  2  3  4  5  6 |
---------------+-------------------+-----
Axes           | 2 3 4 5 6 |  6.3
Fighting       | |  3.2
Armour         | |  3.2
Shields        | |  3.2

Action                   |  1- 3 |  4- 6 || total
-------------------------+-------+-------++-------
Melee: War axe           |    77 |   204 ||   281
  Use: Scroll            |       |     4 ||     4
       Potion            |       |     1 ||     1
  Eat: Chunk             |       |     4 ||     4
       Ration            |       |     1 ||     1
Armor: Scale mail        |    67 |   108 ||   175
Dodge: Dodged            |    38 |    67 ||   105
Block: Shield            |    49 |    93 ||   142

Table legend:
 A = Spawn XP
 B = Non-spawn XP
 C = Spawn XP percentage of total XP
 D = Spawn monster count
 E = Non-spawn monster count
 F = Spawn count percentage of total count
 G = Total turns spent on level
                    A         B        C        D         E        F      G
               +---------+---------+-------+---------+---------+-------+---------
         Total |       0 |     524 |   0.0 |       0 |      72 |   0.0 |  2911
               +---------+---------+-------+---------+---------+-------+---------
           D:1 |       0 |       9 |   0.0 |       0 |       6 |   0.0 |   477
           D:2 |       0 |      34 |   0.0 |       0 |       9 |   0.0 |   297
           D:3 |       0 |     123 |   0.0 |       0 |      30 |   0.0 |   937
           D:4 |       0 |     331 |   0.0 |       0 |      17 |   0.0 |   977
       Ossuary |       0 |      27 |   0.0 |       0 |      10 |   0.0 |   223
               +---------+---------+-------+---------+---------+-------+---------
